 Dungeon Crawl Stone Soup version 0.32-a0-815-g315f82d515 (webtiles) character file.

Game seed: 7312412030069570884

102 Ajdolov the Trooper (level 4, -5/42 HPs)
             Began as a Ghoul Hunter on Mar 23, 2024.
             Slain by Sigmund
             ... wielding a +0 scythe
              (11 damage)
             ... on level 2 of the Dungeon.
             The game lasted 00:02:39 (1459 turns).

Ajdolov the Trooper (Ghoul Hunter)                  Turns: 1459, Time: 00:02:39

Health: -5/42      AC:  3    Str: 20    XL:     4   Next: 77%
Magic:  4/4        EV: 11    Int: 14    God:
Gold:   120        SH:  0    Dex: 14    Spells: 3/3 levels left

rFire   . . .        a - +0 shortbow
rCold   + . .        (shield currently unavailable)
rNeg    + + +        c - +0 leather armour
rPois   ∞            (no helmet)
rElec   .            (no cloak)
rCorr   .            (no gloves)
SInv    .            (no boots)
Will    .....        (no amulet)
Stlth   +            k - +6 ring of strength
HPRegen 0.00/turn    m - +6 ring of intelligence
MPRegen 0.09/turn

%: no passive effects
@: inhibited regen
A: claws 1, cold resistance 1, negative energy resistance 3, inhibited
regeneration, torment resistance 2, devour on kill
a: no special abilities


You were on level 2 of the Dungeon.
You visited 1 branch of the dungeon, and saw 2 of its levels.

You collected 120 gold pieces.

Inventory:

Hand Weapons
 a - a +0 shortbow (weapon)
Armour
 c - a +0 leather armour (worn)
Jewellery
 k - a +6 ring of strength (left claw)
 m - a +6 ring of intelligence (right claw)
 o - a ring of flight
Scrolls
 d - a scroll of fog {unknown}
 e - a scroll of amnesia {unknown}
 f - a scroll of fear {unknown}
 g - 2 scrolls of blinking {unknown}
 h - a scroll of identify {unknown}
 i - a scroll of immolation {unknown}
 l - a scroll of poison {unknown}
Potions
 j - a potion of curing {unknown}
 n - a potion of heal wounds {unknown}


   Skills:
 - Level 5.0 Fighting
 + Level 3.9 Ranged Weapons
 - Level 1.7 Dodging
 - Level 1.1 Stealth


You had 3 spell levels left.
You didn't know any spells.
Your spell library contained the following spells:

 Spells                   Type           Power      Damage    Failure   Level
 Apportation              Tloc           0%         N/A       34%         1
 Necrotise                Necr           0%         1d4       34%         1
 Sting                    Conj/Alch      0%         1d3       34%         1
 Summon Small Mammal      Summ           0%         N/A       34%         1
 Cigotuvi's Dreadful Rot  Necr/Alch/Air  0%         N/A       45%         2
 Dispel Undead            Necr           0%         3d6       98%         4
 Martyr's Knell           Necr/Summ      0%         N/A       98%         4


Dungeon Overview and Level Annotations

Branches:
Dungeon (2/15)

Altars:

Annotations:
D:2 Sigmund


Innate Abilities, Weirdness & Mutations

You are immune to poison.
You have sharp fingernails.
Your flesh is cold resistant. (rC+)
You are immune to negative energy. (rN+++)
You do not regenerate when monsters are visible.
You are immune to unholy pain and torment.
You thrive by killing the living.


Message History

You swap places.
You start resting.
Your butterfly disappears in a burst of colours!
A jackal is nearby!
You shoot an arrow.
The arrow hits the jackal but does no damage.
You shoot an arrow. The arrow closely misses the jackal.
You shoot an arrow. The arrow hits the jackal!
You kill the jackal!
You feel better.
You shoot an arrow.
Sigmund laughs darkly.
You shoot an arrow. The arrow hits Sigmund.
Sigmund is severely wounded.
Sigmund gestures at you while chanting. You resist with some effort.
You shoot an arrow. The arrow hits Sigmund.
Sigmund is severely wounded.
Sigmund mumbles some strange words.
Sigmund flickers and vanishes!
Deactivating autopickup; reactivate with Ctrl-A.
You shoot an arrow. The arrow hits the jackal!
You kill the jackal!
You feel better.
You shoot an arrow. You shoot an arrow. You shoot an arrow.
You hear some strange, mumbled words.
A puff of flame appears from out of thin air!
The puff of flame hits you.
You shoot an arrow. Something hits you!
You shoot an arrow. Something hits you.
You shoot an arrow.
A magic dart appears from out of thin air!
The magic dart hits you!
* * * LOW HITPOINT WARNING * * *
You shoot an arrow. Something hits you.
* * * LOW HITPOINT WARNING * * *
You shoot an arrow. Something hits you!
You die...

..........# .########.# .#
#.# .# #.# ## #.# #.# ##
#.########
.########..<.....#
........#.######@#
#.#####.#.# #.# ♣.# #.#[#
#{# ..# #.#.# #.# ♣.##
##†#.######†# ######### ~..#
#...........########........
~..#
#..#.#####................##
♣..# #..#.#
#.#########.####.# ♣..#
#...^#####.#### #.# ##.#


There were no monsters in sight!

Vanquished Creatures
  An adder (D:2)
  4 gnolls (D:2)
  2 dart slugs
  4 ball pythons
  6 endoplasms
  2 giant cockroaches
  5 goblins
  A hobgoblin (D:2)
  4 jackals (D:2)
  4 quokkas
  3 bats
  A frilled lizard (D:1)
  7 kobolds (D:1)
  4 rats
48 creatures vanquished.

Notes
Turn   | Place    | Note
-------+----------+-------------------------------------------
     0 | D:1      | Ajdolov the Ghoul Hunter began the quest for the Orb.
     0 | D:1      | Reached XP level 1. HP: 17/17 MP: 1/1
   154 | D:1      | Reached XP level 2. HP: 25/25 MP: 2/2
   156 | D:1      | Reached skill level 3 in Fighting
   437 | D:1      | Reached XP level 3. HP: 33/33 MP: 3/3
   565 | D:1      | Reached skill level 4 in Fighting
   994 | D:2      | Reached XP level 4. HP: 41/41 MP: 4/4
  1036 | D:2      | Reached skill level 5 in Fighting
  1387 | D:2      | Noticed Sigmund
  1459 | D:2      | Slain by Sigmund

Illustrated notes

Levels and vault maps discovered:
D:1:      wander_arrival_abandoned_jail, layout_basic
D:2:      layout_loops_ring, serial_bayou, serial_bayou_pond_e,
          serial_bayou_lake_a, serial_bayou_pond_e, serial_bayou_shore_a,
          uniq_sigmund

Skill      XL: |  1  2  3  4 |
---------------+-------------+-----
Fighting       | 3 4 5 |  5.0
Ranged Weapons | |  3.9
Dodging        | |  1.7
Stealth        | |  1.1

Action                     |  1- 3 |  4- 6 || total
---------------------------+-------+-------++-------
   Fire: Shortbow          |   115 |    64 ||   179
    Use: Scroll            |       |     1 ||     1
 Armour: Leather armour    |    25 |    23 ||    48
  Dodge: Dodged            |    31 |    21 ||    52

Table legend: (Time is in decaauts)
 A = Elapsed time spent in this place.
 B = Non-inter-level travel time spent in this place.
 C = Inter-level travel time spent in this place.
 D = Time resting spent in this place.
 E = Time spent auto-exploring this place.
 F = Levels seen in this place.
 G = Mean time per level.
                   A        B        C        D        E       F      G
               +--------+--------+--------+--------+--------+-----+--------+
         Total |   1522 |   1507 |     15 |    112 |   1022 |   2 |  761.0 |
       Dungeon |   1522 |   1507 |     15 |    112 |   1022 |   2 |  761.0 |
               +--------+--------+--------+--------+--------+-----+--------+

Top non-repeatable levels by time:
     D:2: 847 daAuts
     D:1: 675 daAuts
